 Dungeon Crawl Stone Soup version 0.30.1-3-gfc49f6343a (webtiles) character file.

Game seed: 11321683644723288461

23 spardeous the Digger (level 2, -4/20 HPs)
             Began as a Demigod Earth Elementalist on July 24, 2023.
             Slain by Terence
             ... wielding a +0 falchion
              (8 damage)
             ... on level 2 of the Dungeon.
             The game lasted 00:01:21 (1435 turns).

spardeous the Digger (Demigod Earth Elementalist)   Turns: 1435, Time: 00:01:21

Health: -4/20      AC:  4    Str:  9    XL:     2   Next: 57%
Magic:  3/7        EV: 11    Int: 17    God:
Gold:   120        SH:  5    Dex: 14    Spells: 3/4 levels left

rFire   . . .        (no weapon)
rCold   . . .        (no shield)
rNeg    . . .        h - +0 leather armour
rPois   .            (no helmet)
rElec   .            n - +0 cloak
rCorr   .            (no gloves)
SInv    .            (no boots)
Will    .....        m - amulet of reflection
Stlth   ++           (no ring)
HPRegen 0.23/turn    (no ring)
MPRegen 0.10/turn

%: reflection
@: no status effects
A: high MP 1, forlorn, divine attributes
a: no special abilities


You were on level 2 of the Dungeon.
You visited 1 branch of the dungeon, and saw 2 of its levels.

You collected 120 gold pieces.

Inventory:

Missiles
 f - a throwing net
Armour
 a - a +0 robe
 h - a +0 leather armour (worn)
 n - a +0 cloak (worn)
Jewellery
 l - a ring of fire
 m - an amulet of reflection (around neck)
Scrolls
 g - a scroll of enchant armour {unknown}
 j - a scroll of identify {unknown}
 k - a scroll of silence {unknown}
Potions
 b - a potion of magic
 c - 2 potions of attraction {unknown}
 d - a potion of curing {unknown}
 e - 2 potions of resistance {unknown}
 i - a potion of might {unknown}


   Skills:
 - Level 1.7 Dodging
 - Level 1.7 Stealth
 - Level 1.7 Spellcasting
 - Level 0.8 Transmutations
 + Level 3.7 Earth Magic


You had 3 spell levels left.
You knew the following spells:

 Your Spells              Type           Power      Damage    Failure   Level
a - Sandblast             Erth           28%        2d8       6%          1

Your spell library contained the following spells:

 Spells                   Type           Power      Damage    Failure   Level
 Passwall                 Tmut/Erth      7%         N/A       17%         2
 Stone Arrow              Conj/Erth      14%        3d7       36%         3
 Petrify                  Tmut/Erth      9%         N/A       73%         4


Dungeon Overview and Level Annotations

Branches:
Dungeon (2/15)

Annotations:
D:2 Terence


Innate Abilities, Weirdness & Mutations

You have an increased reservoir of magic. (+10% MP)
You shall have no god before yourself.
Your divine heritage dramatically boosts your attributes as you level up.


Message History

The blast of sand hits Terence but does no damage.
You now have 5/7 mp.
Terence is nearby!
Casting: Sandblast (safe; 6% risk of failure)
Confirm with . or Enter, or press ? or * to list all spells.
Aiming: Sandblast (safe; 6% risk of failure)
Press: ? - help, Shift-Dir - straight line, f/p - Terence
Aim: Terence, wielding a +0 falchion and wearing a +0 scale mail (84% to hit)
The blast of sand hits Terence but does no damage.
Terence hits you but does no damage.
You now have 4/7 mp.
Terence is nearby!
Casting: Sandblast (safe; 6% risk of failure)
Confirm with . or Enter, or press ? or * to list all spells.
Aiming: Sandblast (safe; 6% risk of failure)
Press: ? - help, Shift-Dir - straight line, f/p - Terence
Aim: Terence, wielding a +0 falchion and wearing a +0 scale mail (84% to hit)
The blast of sand hits Terence but does no damage.
Terence hits you with a +0 falchion. x2
You take 4 damage, and have 16/20 hp.
You now have 3/7 mp.
Terence is nearby!
Casting: Sandblast (safe; 6% risk of failure)
Confirm with . or Enter, or press ? or * to list all spells.
Aiming: Sandblast (safe; 6% risk of failure)
Press: ? - help, Shift-Dir - straight line, f/p - Terence
Aim: Terence, wielding a +0 falchion and wearing a +0 scale mail (84% to hit)
The blast of sand hits Terence!
Terence is moderately wounded.
Terence hits you with a +0 falchion!
You take 6 damage, and have 10/20 hp.
MASSIVE DAMAGE!!
You now have 2/7 mp.
Terence attacks as you move away! Terence hits you with a +0 falchion.
* * * LOW HITPOINT WARNING * * *
Terence screams, "I'm going to kill you!"
You take 4 damage, and have 6/20 hp.
Terence attacks as you move away! Terence hits you with a +0 falchion.
* * * LOW HITPOINT WARNING * * *
You take 2 damage, and have 4/20 hp.
Really walk into that teleport trap?
Terence attacks as you move away! Terence hits you with a +0 falchion!
You die...

####. #### .... #### #..
#... #####..###
#######.## .........#
#......... .......#.#
#......... .......#.#
#......... ########@#
#.........
#>.....@########.#..#.##
.......^...##....#..#.#
.................#.##.#
...........##.#.....#.#
#.###+#######.#######.#
. ..#.#######.##......##
...)....<.............
#.#.##########.######.
.. # #.


You could see Terence.

Vanquished Creatures
  4 endoplasms
  2 goblins (D:2)
  3 hobgoblins
  2 quokkas
  4 bats
  A frilled lizard (D:1)
  3 kobolds (D:1)
  2 rats (D:1)
21 creatures vanquished.

Notes
Turn   | Place    | Note
-------+----------+-------------------------------------------
     0 | D:1      | spardeous the Demigod Earth Elementalist began the quest
                  | for the Orb.
     0 | D:1      | Reached XP level 1. HP: 14/14 MP: 5/5
   298 | D:1      | Reached skill level 3 in Earth Magic
   544 | D:1      | Reached XP level 2. HP: 20/20 MP: 5/7
  1424 | D:2      | Noticed Terence
  1435 | D:2      | Slain by Terence

Illustrated notes

Levels and vault maps discovered:
D:1:      nagdon_arrival_double_spiral, layout_basic
D:2:      layout_basic, uniq_terence

Skill      XL: |  1 |
---------------+----+-----
Earth Magic    | 3 |  3.7
Dodging        | |  1.7
Stealth        | |  1.7
Spellcasting   | |  1.7
Transmutations | |  0.8

Action                     || total
---------------------------++-------
  Melee: Unarmed           ||     1
   Cast: Sandblast         ||    38
 Armour: Leather armour    ||     4
  Dodge: Dodged            ||     9
